AoeStats
← GrayFox

QS Arena

503220080Analyzed
2v2 RM · 2mo ago on Aug 30, 2026· 25m 40s· 4 players
Game mode
Random Map
Map size
Medium (4 player)
Population
200
Speed
Normal
Resources
Standard
Victory
Conquest
Starting age
Dark Age
Ending age
Imperial Age
RankedLock teamsTeams togetherTeam positionsShared explorationLock speedFull tech treeHidden civsTurbo modeCheats
Victory
Defeat
🇲🇽 Turks · Mexico
1124
+10
888
+21
vs
🇫🇷 Teutons · France
1000
-47
🇨🇿 Goths · Czechia
988
-15
nvxd
9:37 Feudal Age
13:59 Castle Age
12:01 Man-at-Arms
12:35 Double-Bit Axe
12:35 Horse Collar
15:23 Bow Saw
14:36 Long Swordsman
15:17 Squires
15:47 Heavy Plow
16:42 Loom
20:20 Fletching
20:30 Padded Archer Armor
20:22 Elite Skirmisher
21:42 Bodkin Arrow
22:42 Leather Archer Armor
25:27 Ballistics
GrayFox
8:43 Feudal Age
10:00 Wheelbarrow
11:21 Double-Bit Axe
12:49 Horse Collar
13:07 Gold Mining
13:41 Loom
20:59 Stone Mining
24:13 Castle Age
26:08 Hand Cart
TheFlyingOne
9:24 Feudal Age
13:38 Castle Age
18:19 Imperial Age
16:21 Double-Bit Axe
16:51 Gold Mining
22:39 Loom
24:46 Padded Archer Armor
gabrielcassianomoraes
1:18 Loom
8:35 Feudal Age
9:05 Horse Collar
9:12 Double-Bit Axe
9:23 Stone Mining
12:13 Wheelbarrow
12:08 Gold Mining
19:08 Castle Age
18:21 Fletching
20:06 Hand Cart
20:30 Stone Shaft Mining
20:55 Bow Saw
20:48 Heavy Plow
25:51 Caravan
Connection lost

Rejoining the realm…

Still unreachable

The connection could not be restored.

Session expired

The server has moved on; the page needs a fresh start.